 Dungeon Sprint DCSS version 0.29-a0-998-g1987434951 (webtiles) character file.

Game seed: 1341121069066163565

458 tbh1313 the Cleaver (level 6, 0/148 HPs)
             Began as a Minotaur Berserker on Aug 5, 2022.
             Was a Believer of Trog.
             Succumbed to Sonja's poison
             ... in the Dungeon (Sprint I: "Red Sonja").
             The game lasted 00:02:13 (558 turns).

tbh1313 the Cleaver (Minotaur Berserker)             Turns: 558, Time: 00:02:14

Health: 0/148      AC: 23    Str: 23    XL:     6   Next: 77%
Magic:  5/5        EV:  2    Int:  4    God:    Trog [**....]
Gold:   248        SH:  0    Dex: 10    Spells: 5/5 levels left

rFire   . . .      SeeInvis .   a - +0 hand axe
rCold   . . .      Faith    .   (no shield)
rNeg    . . .      Spirit   .   (body armour currently unavailable)
rPois   +          Reflect  .   (helmet currently unavailable)
rElec   .          Harm     .   (cloak currently unavailable)
rCorr   .          Rampage  .   (gloves currently unavailable)
Will    ++...      NoTele   +   (boots currently unavailable)
Stlth   ..........              (no amulet)
HPRegen 1.34/turn               (no ring)
MPRegen 0.09/turn               (no ring)

@: berserking (expiring), lethally poisoned (0 -> -5), tree-form, strong-willed,
regenerating, hasted and slowed
A: stationary, stasis, torment immunity, boosted hp, (horns 2), (retaliatory
headbutt)
a: Renounce Religion, Berserk, Trog's Hand


You were in the Dungeon.
You worshipped Trog.
Trog was pleased with you.
You were a tree.
You visited 1 branch You collected 297 gold pieces.
You spent 49 gold pieces at shops.

Inventory:

Hand Weapons
 a - a +0 hand axe (weapon)
Armour
 k - a +0 leather armour of cold resistance (melded)
 m - a +0 cloak (melded)
Wands
 b - a wand of flame (26)
 i - a wand of paralysis (4)
 l - a wand of acid (7)
Scrolls
 h - a scroll of blinking
Potions
 f - 3 potions of magic
 g - a potion of berserk rage


   Skills:
 - Level 10.0 Fighting
 - Level 14.0 Axes
 + Level 6.0 Armour
 - Level 2.1 Dodging


You had 5 spell levels left.
You didn't know any spells.
Your spell library was empty.

Dungeon Overview and Level Annotations

Branches:
Dungeon (1/1)

Altars:
Cheibriados
Dithmenos
Elyvilon
Fedhas
Gozag
Hepliaklqana
Kikubaaqudgha
Nemelex Xobeh
Okawaru
Qazlal
Ru
Sif Muna
Trog
Uskayaw
Vehumet
Wu Jian
Yredelemnul
Zin
The Shining One

Shops:
D [

Annotations:
D Sonja


Innate Abilities, Weirdness & Mutations

You are a tree.
Your roots penetrate the ground, keeping you stationary.
You cannot be teleported.
You are immune to unholy pain and torment.
Your maximum health is greatly increased.
Your equipment is partially melded.
((You have a pair of horns on your head.))
((You reflexively headbutt those who attack you in melee.))


Message History

Sonja is heavily wounded.
You feel sick.
Sonja hits you with a +0 short sword of venom.
* * * LOW HITPOINT WARNING * * *
You are lethally poisoned!
Sonja completely misses you.
Sonja hits you with a +0 short sword of venom.
* * * LOW HITPOINT WARNING * * *
You are more poisoned.
It was a potion of lignification.
You turn into a tree.
Your +0 cloak melds into your body.
Your +0 leather armour of cold resistance melds into your body.
You feel less resistant to cold.
Your roots penetrate the ground.
* * * LOW HITPOINT WARNING * * *
You feel extremely sick.
Sonja gestures wildly while chanting.
Sonja blinks!
Sonja hits you but does no damage. x3
Your magic is already full.
You cannot blink because you are held in place by your roots.
You cannot move.
Your skin crawls.
You feel strong-willed.
* * * LOW HITPOINT WARNING * * *
You feel very sick.
Sonja mumbles some strange words.
Sonja blinks!
A red film seems to cover your vision as you go berserk!
You feel yourself moving faster!
You feel mighty!
* * * LOW HITPOINT WARNING * * *
You feel very sick.
Sonja throws a curare-tipped dart.
The curare-tipped dart barely misses you.
You are too berserk!
You cannot move.
You cannot move.
You cannot move.
You feel a strong urge to attack something.
* * * LOW HITPOINT WARNING * * *
You feel very sick.
You die...

################
#<.#[.)..#..'..#
#..+..#..').#..+
#..#####'#####'#
#..####..#...#.#
#..#__####..##[#
#..#_____##'#_.+
#⌠⌠#_.∩...†..._#
####_..__##_♣#+#
#_____###'#
####### #.#


$K$ $.$ ##.## #+# You could see Sonja.

Levels and vault maps discovered:
D:        dungeon_sprint_1 [red_sonja_temple_1, red_sonja_temple_small_1]

Notes
Turn   | Place    | Note
-------+----------+-------------------------------------------
     0 | D        | tbh1313 the Minotaur Berserker began the quest for the Orb.
     0 | D        | Reached XP level 1. HP: 19/19 MP: 0/0
     1 | D        | Noticed Ijyb
     9 | D        | Killed Ijyb
    10 | D        | Reached skill level 7 in Axes
    10 | D        | Reached XP level 2. HP: 26/26 MP: 1/1
    38 | D        | Noticed an ogre
    42 | D        | Killed an ogre
    43 | D        | Reached skill level 11 in Axes
    43 | D        | Reached XP level 3. HP: 31/31 MP: 2/2
    43 | D        | Reached XP level 4. HP: 39/39 MP: 3/3
    75 | D        | Noticed Sigmund
    91 | D        | Killed Sigmund
    91 | D        | Reached ** piety under Trog
    92 | D        | Reached skill level 14 in Axes
    92 | D        | Reached XP level 5. HP: 26/52 MP: 4/4
    92 | D        | Reached XP level 6. HP: 30/60 MP: 5/5
   288 | D        | Found an ornate altar of the Wu Jian Council.
   288 | D        | Found a shimmering blue altar of Sif Muna.
   290 | D        | Found a radiant altar of Vehumet.
   443 | D        | Found Kaitoq's Armour Emporium.
   443 | D        | Found an ancient bone altar of Kikubaaqudgha.
   443 | D        | Found a hazy altar of Hepliaklqana.
   443 | D        | Found a stormy altar of Qazlal.
   443 | D        | Found a hide-covered altar of Uskayaw.
   443 | D        | Found a blossoming altar of Fedhas.
   443 | D        | Found a bloodstained altar of Trog.
   443 | D        | Found an iron altar of Okawaru.
   443 | D        | Found a basalt altar of Yredelemnul.
   443 | D        | Found a glowing golden altar of the Shining One.
   443 | D        | Found a snail-covered altar of Cheibriados.
   443 | D        | Found a sacrificial altar of Ru.
   443 | D        | Found a glowing silver altar of Zin.
   443 | D        | Found a shadowy altar of Dithmenos.
   443 | D        | Found a white marble altar of Elyvilon.
   443 | D        | Noticed a yak
   451 | D        | Killed a yak
   452 | D        | Reached skill level 10 in Fighting
   452 | D        | Found an opulent altar of Gozag.
   453 | D        | Found a sparkling altar of Nemelex Xobeh.
   457 | D        | Bought a +0 cloak for 49 gold pieces
   548 | D        | Noticed Sonja
   554 | D        | HP: 9/99 [poisoned by Sonja]
   555 | D        | HP: 4/99 [poisoned by Sonja]
   557 | D        | HP: 1/148 [poisoned by Sonja]
   558 | D        | Succumbed to Sonja's poison

Table legend: (Time is in decaauts)
 A = Elapsed time spent in this place.
 B = Non-inter-level travel time spent in this place.
 C = Inter-level travel time spent in this place.
 D = Time resting spent in this place.
 E = Time spent auto-exploring this place.
 F = Levels seen in this place.
 G = Mean time per level.
                   A        B        C        D        E       F      G
               +--------+--------+--------+--------+--------+-----+--------+
         Total |    572 |    572 |      0 |    362 |     88 |   1 |  572.0 |
       Dungeon |    572 |    572 |      0 |    362 |     88 |   1 |  572.0 |
               +--------+--------+--------+--------+--------+-----+--------+

Top non-repeatable levels by time:
       D: 572 daAuts

Table legend:
 A = Kills in this place as a percentage of kills in entire the game.
 B = Kills by you in this place as a percentage of kills by you in the entire game.
 C = Kills by friends in this place as a percentage of kills by friends in the entire game.
 D = Other kills in this place as a percentage of other kills in the entire game.
 E = Experience gained in this place as a percentage of experience gained in the entire game.
 F = Experience gained in this place divided by the number of levels of this place that you have seen.
                   A       B       C       D       E      F
               +-------+-------+-------+-------+-------+----------------------
         Total | 100.0 | 100.0 |   N/A |   N/A | 100.0 | 655.0
       Dungeon | 100.0 | 100.0 |   N/A |   N/A | 100.0 | 655.0
               +-------+-------+-------+-------+-------+----------------------

Action                   |  1- 3 |  4- 6 || total
-------------------------+-------+-------++-------
Melee: Hand axe          |     8 |    21 ||    29
       Headbutt          |     3 |     3 ||     6
Invok: Berserk           |     2 |     2 ||     4
       Trog's Hand       |       |     1 ||     1
  Use: Potion            |       |     4 ||     4
Armor: Leather armour    |       |     3 ||     3
       Skin              |       |     3 ||     3
Dodge: Dodged            |     1 |     7 ||     8

Vanquished Creatures
  Sigmund (D)
  A yak (D)
  An ogre (D)
  A jelly (D)
  Ijyb (D)
5 creatures vanquished.
